 Dungeon Crawl Stone Soup version 0.27.1-34-g3ba077fa99 (webtiles) character file.

Game seed: 16721814914766224558

325 alasdair19 the Slasher (level 6, -9/55 HPs)
             Began as a Minotaur Fighter on Jan 7, 2022.
             Mangled by an ogre (17 damage)
             ... on level 4 of the Dungeon.
             The game lasted 00:09:32 (2879 turns).

alasdair19 the Slasher (Minotaur Fighter)           Turns: 2879, Time: 00:09:32

Health: -9/55      AC: 12    Str: 21    XL:     6   Next: 24%
Magic:  5/5        EV:  8    Int:  6    God:
Gold:   197        SH: 11    Dex: 10    Spells: 5/5 levels left

rFire    + . .     SeeInvis .   e - +0 falchion
rCold    . . .     Faith    .   c - +1 kite shield
rNeg     . . .     Spirit   .   i - +0 plate armour
rPois    .         Reflect  .   (helmet restricted)
rElec    .         Harm     .   (no cloak)
rCorr    .         Rampage  .   (no gloves)
Will     .....                  (no boots)
Stlth    ..........             (no amulet)
HPRegen  0.18/turn              g - ring of protection from fire
MPRegen  0.09/turn              j - +4 ring of evasion

@: no status effects
A: horns 2, retaliatory headbutt
a: no special abilities


You were on level 4 of the Dungeon.
You visited 1 branch of the dungeon, and saw 4 of its levels.

You collected 197 gold pieces.

Inventory:

Hand Weapons
 e - a +0 falchion (weapon)
 n - a +0 long sword
 q - a +1 hunting sling
Missiles
 k - 10 poisoned darts (quivered)
 p - 73 stones
Armour
 b - a +0 scale mail
 c - a +1 kite shield (worn)
 i - a +0 plate armour (worn)
Jewellery
 a - a ring of ice
 g - a ring of protection from fire (left hand)
 j - a +4 ring of evasion (right hand)
Wands
 l - a wand of charming (1)
Scrolls
 o - a scroll of fog {unknown}
Potions
 d - a potion of berserk rage {unknown}
 f - a potion of haste
 h - a potion of curing
 m - 2 potions of resistance


   Skills:
 + Level 4.8 Fighting
 + Level 5.3 Long Blades
 + Level 5.1 Armour
 + Level 5.0 Shields


You had 5 spell levels left.
You didn't know any spells.
Your spell library contained the following spells:

 Spells                   Type           Power      Damage    Failure   Level
 Animate Dead             Necr           0%         N/A       100%        4
 Haunt                    Necr/Summ      0%         N/A       100%        7
 Infestation              Necr           0%         N/A       100%        8


Dungeon Overview and Level Annotations

Branches:
Dungeon (4/15)
 Temple: D:4-7

Altars:
Kikubaaqudgha

Shops:
D:3 [


Innate Abilities, Weirdness & Mutations

You have a pair of horns on your head.
You reflexively headbutt those who attack you in melee.


Message History

k - 13 poisoned darts (gained 3)
You see here a +0 spear.
Found a scroll of magic mapping.
r - a scroll of magic mapping
There are no items here.
As you read the scroll of magic mapping, it crumbles to dust.
You feel aware of your surroundings.
You sensed 1 shop/portal.
An ogre comes into view. It is wielding a +0 giant club.
The ogre shouts!
A scorpion comes into view.
Okay, then.
q - a +1 hunting sling (weapon)
e - a +0 falchion (weapon)
Throw: 13 darts (poison)
Press: ? - help, Q - select action, (/) - cycle Shift-Dir - straight line, f - ogre
Aim: an ogre, wielding a +0 giant club (72% to hit)
You throw a poisoned dart. The poisoned dart hits the ogre.
The ogre is poisoned.
Throw: 12 darts (poison)
Press: ? - help, Q - select action, (/) - cycle Shift-Dir - straight line, f/p - ogre
Aim: an ogre, wielding a +0 giant club (poisoned, 72% to hit)
You throw a poisoned dart. The poisoned dart hits the ogre.
The ogre hits you with a +0 giant club!
Throw: 11 darts (poison)
Press: ? - help, Q - select action, (/) - cycle Shift-Dir - straight line, f/p - ogre
Aim: an ogre, wielding a +0 giant club (lightly wounded, poisoned, 71% to hit)
You throw a poisoned dart. The poisoned dart hits the ogre.
The ogre looks even sicker.
The ogre is lightly wounded.
You block the ogre's attack.
You hit the ogre. Your headbutt misses the ogre.
The ogre is moderately wounded.
You hit the ogre.
The ogre is heavily wounded.
The ogre hits you with a +0 giant club!
* * * LOW HITPOINT WARNING * * *
You barely miss the ogre.
The ogre is heavily wounded.
The ogre hits you with a +0 giant club!
You die...

###..#***********************##,,
.[....,,,,,,,,,,,,,,,,,,,,,,...,,
...#..#********************..s.**
...##..##* *##..#*,,≈ ...#**...##
###...#**,,≈ .[.###*#..# #####
##...#** **,≈ .....####.# #.$.#
##.(### ***
####...>#)####..####.(##
####...).##..@O(...# #
###......####...# #
####.#.#**#.#.### ##
#...##...#...## )###
##.....#####..#* .)!# #$....##*
##<.# ##.# **#...#...* ##.# #)##
*,.$...##.* #.#* #!.##
*,*##..##.## #..###


You could see an ogre (poisoned).

Vanquished Creatures
  A water moccasin (D:3)
  A bullfrog skeleton (D:4)
  Ijyb (D:3)
  5 gnolls
  2 adders (D:3)
  3 worms
  2 dart slugs
  4 orcs
  10 endoplasms
  3 giant cockroaches
  7 goblins
  6 hobgoblins
  4 jackals (D:2)
  12 kobolds
  4 quokkas
  7 ball pythons
  5 bats
  6 frilled lizards
  A quokka skeleton (D:4)
  2 rats
86 creatures vanquished.

Notes
Turn   | Place    | Note
-------+----------+-------------------------------------------
     0 | D:1      | alasdair19 the Minotaur Fighter began the quest for the
                  | Orb.
     0 | D:1      | Reached XP level 1. HP: 19/19 MP: 0/0
   210 | D:1      | Reached XP level 2. HP: 27/27 MP: 1/1
   741 | D:2      | Reached XP level 3. HP: 33/33 MP: 2/2
  1266 | D:2      | Found a faded altar of an unknown god.
  1511 | D:3      | Noticed a water moccasin
  1534 | D:3      | Killed a water moccasin
  1535 | D:3      | Reached XP level 4. HP: 7/41 MP: 3/3
  1535 | D:3      | Reached XP level 5. HP: 8/47 MP: 4/4
  1936 | D:3      | Found Ogafops's Antique Armour Shop.
  2100 | D:3      | Found an ancient bone altar of Kikubaaqudgha.
  2117 | D:3      | Noticed Ijyb
  2145 | D:3      | Killed Ijyb
  2199 | D:3      | Reached skill level 5 in Armour
  2718 | D:4      | Reached skill level 5 in Long Blades
  2739 | D:4      | Reached XP level 6. HP: 35/53 MP: 5/5
  2829 | D:4      | Reached skill level 5 in Shields
  2879 | D:4      | Mangled by an ogre

Illustrated notes

Levels and vault maps discovered:
D:1:      heliophobic_arrival_ceremonial_halls, layout_rooms
D:2:      layout_loops_ring, shapermc_ecumenical_altar_venn
D:3:      layout_loops_cross, nicolae_kikubaaqudgha_miasma_corner, serial_shops,
          shop, minmay_misc_feat_rows, nrook_mini_backslash, minmay_mini_jars,
          uniq_ijyb
D:4:      layout_rooms, portal_sewer_entry_f, eino_small_chamber_without_monster

Skill      XL: |  1  2  3  4  5  6 |
---------------+-------------------+-----
Fighting       | 4 |  4.8
Armour         | 4 5 |  5.1
Shields        | 4 5 |  5.0
Long Blades    | 4 5 |  5.3

Action                   |  1- 3 |  4- 6 || total
-------------------------+-------+-------++-------
Melee: Long sword        |    81 |    57 ||   138
       Headbutt          |     9 |    21 ||    30
       Falchion          |       |    66 ||    66
 Fire: Hunting sling     |     2 |     4 ||     6
Throw: Dart              |       |     6 ||     6
  Use: Scroll            |     5 |     4 ||     9
       Potion            |     4 |       ||     4
Armor: Scale mail        |     8 |       ||     8
       Plate armour      |    42 |    74 ||   116
Dodge: Dodged            |    27 |    31 ||    58
Block: Kite shield       |    47 |    65 ||   112
       Rpst.: Long sword |    10 |     4 ||    14
       Falchion          |       |     1 ||     1
